 Dungeon Crawl Stone Soup version 0.27-a0-1186-g8b4daa1eef (webtiles) character file.

Game seed: 11040016653588235126

13946 ZappyNine the Thaumaturge (level 12, -6/132 HPs)
             Began as a Djinni Earth Elementalist on May 19, 2021.
             Was an Elder of Qazlal.
             Mangled by a cane toad (16 damage)
             ... on level 1 of the Lair of Beasts.
             The game lasted 00:32:43 (12321 turns).

ZappyNine the Thaumaturge (DjEE)                   Turns: 12321, Time: 00:32:45

Health: -6/132     AC:  8    Str:  7    XL:     12   Next: 39%
Gold:   719        EV: 19    Int: 23    God:    Qazlal [****..] SH: 12 Dex: 13

rFire    + + .     SeeInvis .   i - +1 falchion (holy)
rCold    x . .     Faith    .   G - +3 buckler
rNeg     . . .     Spirit   .   y - +1 steam dragon scales
rPois    ∞         Reflect  .   a - +0 helmet
rElec    .         Harm     .   p - +0 cloak
rCorr    .         Rampage  .   (no gloves)
Will     +....                  (boots unavailable)
Stlth    ..........             m - amulet of regeneration
HPRegen  0.00/turn              l - ring of wizardry
MPRegen  0.00/turn              x - +4 ring of evasion

@: berserking (expiring), flying, repel missiles, very quick
A: sickness immunity, fire resistance 2, cold vulnerability 1, float, innate
caster, hp casting, extra vitality 1, inhibited regeneration, wild magic 1
a: Renounce Religion, Upheaval, Elemental Force


You were on level 1 of the Lair of Beasts.
You worshipped Qazlal.
Qazlal was greatly pleased with you.
You visited 3 branches of the dungeon, and saw 12 of its levels.

You collected 719 gold pieces.

Inventory:

Hand Weapons
 i - a +1 falchion of holy wrath (weapon)
 q - a +2 quarterstaff of chaos
Missiles
 b - 378 stones
 s - 7 curare-tipped darts
 t - 8 boomerangs of dispersal
 C - 3 throwing nets
Armour
 a - a +0 helmet (worn)
 c - a +0 robe
 p - a +0 cloak (worn)
 y - +1 steam dragon scales (worn)
 B - a +2 scale mail of poison resistance
 D - a +0 pair of gloves
 G - a +3 buckler (worn)
Jewellery
 l - a ring of wizardry (left hand)
 m - an amulet of regeneration (around neck)
 o - a +4 ring of evasion
 v - a +6 ring of dexterity
 w - an amulet of the acrobat
 x - a +4 ring of evasion (right hand)
Wands
 h - a wand of mindburst (7)
 k - a wand of paralysis (10)
 J - a wand of flame (21)
Scrolls
 g - 2 scrolls of amnesia
 j - 4 scrolls of teleportation
 E - 2 scrolls of identify
 F - a scroll of blinking
Potions
 d - 5 potions of curing
 f - 3 potions of lignification
 n - 4 potions of might
 r - 2 potions of brilliance
 u - 2 potions of attraction
 z - a potion of resistance
 A - a potion of haste
 I - a potion of magic
 K - 2 potions of flight
Miscellaneous
 H - a condenser vane


   Skills:
 - Level 8.6 Fighting
 - Level 10.0 Dodging
 - Level 1.5 Stealth
 + Level 13.3 Spellcasting


You had 8 spell levels left.
You knew the following spells:

 Your Spells              Type           Power      Damage    Failure   Level
a - Sandblast             Erth           100%       2d20      1%          1
b - Passwall              Tmut/Erth      65%        N/A       1%          2
c - Stone Arrow           Conj/Erth      100%       3d13      1%          3
d - Petrify               Tmut/Erth      79%        N/A       1%          4
e - Lee's Rapid Deconstr  Erth           39%        3d20*     1%          5
f - Summon Small Mammal   Summ           100%       N/A       1%          1
g - Poisonous Vapours     Pois/Air       100%       N/A       1%          2
h - Dazzling Flash        Conj/Hex       100%       N/A       1%          3
i - Spider Form           Tmut/Pois      39%        N/A       1%          3
j - Alistair's Intoxicat  Tmut/Pois      52%        N/A       1%          5
Your spell library was empty.

Dungeon Overview and Level Annotations

Branches:
Dungeon (10/15)            Temple (1/1) D:4            Lair (1/6) D:10
    Orc (0/2) D:9

Altars:
Ashenzari
Cheibriados
Dithmenos
Elyvilon
Fedhas
Gozag
Hepliaklqana
Kikubaaqudgha
Makhleb
Nemelex Xobeh
Okawaru
Qazlal
Ru
Sif Muna
Trog
Uskayaw
Vehumet
Wu Jian
Xom
Yredelemnul
Zin
The Shining One
Beogh

Shops:
D:1 *


Innate Abilities, Weirdness & Mutations

You are immune to sickness and miasma.
You are immune to poison.
Your flesh is very heat resistant. (rF++)
You are vulnerable to cold. (rC-)
You float through the air rather than walking.
You learn spells naturally, not from books.
Your magical power is your life essence.
You have superior vitality. (+4 HP)
You do not regenerate when monsters are visible.
Your spells are a little harder to cast, but a little more powerful.


Message History

Unknown command.
You block the cane toad's attack.
The cane toad is no longer blind.
It was a potion of berserk rage.
A red film seems to cover your vision as you go berserk!
You feel yourself moving faster!
You feel mighty! You block the cane toad's attack.
You slash the cane toad!
The cane toad is moderately wounded.
The cane toad stings you.
* * * LOW HITPOINT WARNING * * *
You slash the cane toad!
The cane toad is heavily wounded.
The cane toad closely misses you.
You riposte.
You completely miss the cane toad.
The cane toad is heavily wounded.
You barely miss the cane toad.
The cane toad is heavily wounded.
The cane toad closely misses you.
You riposte.
You hit the cane toad but do no damage.
The cane toad is heavily wounded.
You slash the cane toad!
The cane toad is severely wounded.
You block the cane toad's attack.
You hit the cane toad.
The cane toad is severely wounded.
The cane toad stings you!!
* * * LOW HITPOINT WARNING * * *
You hit the cane toad.
The cane toad is almost dead.
The cane toad stings you but does no damage.
The cane toad stings you.
* * * LOW HITPOINT WARNING * * *
You barely miss the cane toad.
The cane toad is almost dead.
You block the cane toad's attack.
You hit the cane toad.
The cane toad is almost dead.
The cane toad stings you!
You die...

##..# ## #.... #...#
#.##...P #...##
#......#
###....####.#....#
#...##............
##...#.....# #....
##§°#.†....# ##...
#..####....###)...
#@.##...###.#.####
##F###....###.#.##.
#..###...###.#.####
##..##.....#.....###
#...##.......##.....
##..###.......####...
##..##
#.......###.... #...#
#..............
##...#
#..............


You could see a cane toad.

Vanquished Creatures
  Erolcha (D:10)
  A two-headed ogre (D:10)
  A tengu warrior (D:8)
  The ghost of bilbop the Magician, a novice DjVM of Yredelemnul (D:6)
  Pikel (D:7)
  Joseph (Lair:1)
  A gargoyle (D:8)
  Maggie (D:6)
  A komodo dragon (Lair:1)
  A tengu conjurer (D:8)
  3 trolls
  Grinder (D:6)
  4 blink frogs (Lair:1)
  5 wyverns
  4 fire bats (D:8)
  6 yaks (D:10)
  A steam dragon (D:7)
  2 basilisks
  Menkaure (D:7)
  Duvessa (D:6)
  A hell hound (D:8)
  9 water moccasins
  7 orc warriors (D:9)
  2 ice beasts (D:8)
  A black bear (D:7)
  A necrophage (D:6)
  5 ogres
  2 centaurs
  2 kobold brigands
  4 bullfrogs
  3 scorpions
  A wyvern skeleton (D:7)
  Dowan (D:6)
  5 killer bees (D:7)
  3 wights (D:8)
  5 electric eels (D:7)
  A howler monkey (D:6)
  2 centaur zombies (D:9)
  2 lava snakes (D:8)
  A bullfrog zombie (D:6)
  5 hounds
  6 orc priests
  Crazy Yiuf (D:2)
  A gnoll shaman (D:7)
  A bullfrog skeleton (D:7)
  2 iguanas
  Natasha (thrice) (D:2)
  15 orc wizards
  A mummy (D:6)
  2 howler monkey zombies (D:9)
  A howler monkey skeleton (D:5)
  11 gnolls
  8 adders
  A white imp (D:6)
  An ufetubus (D:6)
  An adder skeleton (D:4)
  3 worms
  4 dart slugs
  61 orcs
  3 bats (D:1)
  9 endoplasms
  2 giant cockroaches
  16 goblins
  11 hobgoblins
  7 jackals
  4 quokkas
  5 ball pythons
  4 frilled lizards
  24 kobolds
  7 rats
  2 fire vortices (D:8)
318 creatures vanquished.

Vanquished Creatures (collateral kills)
  A ball python (D:3)
  A bat (D:3)
  A jackal (D:3)
3 creatures vanquished.

Vanquished Creatures (others)
  A fire vortex (D:8)
  A fungus (D:10)
  12 plants
14 creatures vanquished.

Grand Total: 335 creatures vanquished

Notes
Turn   | Place    | Note
-------+----------+-------------------------------------------
     0 | D:1      | ZappyNine the Djinni Earth Elementalist began the quest for
                  | the Orb.
     0 | D:1      | Reached XP level 1. HP: 15/15 MP: 0/0
   534 | D:1      | Found Maymusin's Assorted Antiques.
   543 | D:1      | Reached skill level 1 in Fighting
   543 | D:1      | Reached XP level 2. HP: 22/22 MP: 0/0
   877 | D:1      | Reached XP level 3. HP: 16/27 MP: 0/0
   877 | D:1      | Learned a level 1 spell: Summon Small Mammal
  1661 | D:1      | Found a faded altar of an unknown god.
  1850 | D:1      | Reached skill level 3 in Spellcasting
  2153 | D:2      | Reached XP level 4. HP: 30/33 MP: 0/0
  2760 | D:2      | Noticed Natasha
  2767 | D:2      | Killed Natasha
  2768 | D:2      | Reached XP level 5. HP: 40/40 MP: 0/0
  2768 | D:2      | Learned a level 2 spell: Poisonous Vapours
  3155 | D:2      | Found a runed translucent door.
  3156 | D:2      | Noticed Crazy Yiuf
  3387 | D:2      | Noticed Natasha
  3390 | D:2      | Killed Natasha
  3433 | D:2      | Killed Crazy Yiuf
  3623 | D:3      | Noticed a kobold brigand
  3654 | D:3      | Reached XP level 6. HP: 42/46 MP: 0/0
  3660 | D:3      | Reached skill level 4 in Spellcasting
  3910 | D:3      | Reached XP level 7. HP: 32/53 MP: 0/0
  3910 | D:3      | Learned a level 3 spell: Dazzling Flash
  4008 | D:3      | Found a burning altar of Makhleb.
  4599 | D:4      | Found a staircase to the Ecumenical Temple.
  4627 | Temple   | Entered the Ecumenical Temple
  4849 | Temple   | Became a worshipper of Qazlal Stormbringer
  4988 | D:4      | Found a glowing silver altar of Zin.
  4994 | D:4      | Noticed an angel
  4996 | D:4      | Found a shimmering altar of Xom.
  5069 | D:4      | Reached skill level 5 in Fighting
  5180 | D:4      | Found a shadowy altar of Dithmenos.
  5329 | D:4      | Found a glowing golden altar of the Shining One.
  5330 | D:4      | Found a hide-covered altar of Uskayaw.
  5342 | D:4      | Found a broken altar of Ashenzari.
  5343 | D:4      | Found a basalt altar of Yredelemnul.
  5347 | D:4      | Found a blossoming altar of Fedhas.
  5482 | D:5      | Entered Level 5 of the Dungeon
  5499 | D:5      | Reached XP level 8. HP: 55/59 MP: 0/0
  5572 | D:5      | Reached skill level 5 in Dodging
  5605 | D:5      | Reached * piety under Qazlal
  5983 | D:6      | Noticed Grinder
  6100 | D:6      | Paralysed by Grinder for 4 turns
  6105 | D:6      | Paralysed by Grinder for 3 turns
  6108 | D:6      | Killed Grinder
  6132 | D:6      | Found a runed translucent door.
  6134 | D:6      | Noticed bilbop's ghost (novice DjVM)
  6144 | D:6      | Noticed Maggie
  6166 | D:6      | Killed Maggie
  6167 | D:6      | Reached XP level 9. HP: 59/65 MP: 0/0
  6167 | D:6      | Learned a level 3 spell: Spider Form
  6248 | D:6      | Found a snail-covered altar of Cheibriados.
  6388 | D:6      | Noticed Duvessa
  6388 | D:6      | Noticed Dowan
  6391 | D:6      | Killed Dowan
  6525 | D:6      | Found a sand-covered staircase.
  6686 | D:6      | Killed Duvessa
  6758 | D:6      | Reached skill level 10 in Dodging
  6990 | D:6      | Killed bilbop's ghost
  6991 | D:6      | Reached skill level 5 in Spellcasting
  7067 | D:7      | Noticed Menkaure
  7070 | D:7      | Killed Menkaure
  7088 | D:7      | Reached ** piety under Qazlal
  7239 | D:7      | Reached skill level 6 in Spellcasting
  7239 | D:7      | Reached XP level 10. HP: 65/72 MP: 0/0
  7691 | D:7      | Noticed Pikel
  7710 | D:7      | Killed Pikel
  7717 | D:7      | Reached skill level 7 in Spellcasting
  8481 | D:8      | Noticed a gargoyle
  8502 | D:8      | Killed a gargoyle
  8678 | D:8      | Identified the +4 trident "Kokung" {venom, Dex+3}
  8867 | D:8      | Noticed a tengu warrior
  8893 | D:8      | Killed a tengu warrior
  8894 | D:8      | Reached skill level 8 in Spellcasting
  8894 | D:8      | Reached XP level 11. HP: 35/81 MP: 0/0
  8894 | D:8      | Learned a level 5 spell: Alistair's Intoxication
  9033 | D:8      | Reached *** piety under Qazlal
  9570 | D:8      | Identified a scroll of acquirement
  9570 | D:8      | Acquired a manual of Spellcasting
  9611 | D:9      | Reached skill level 9 in Spellcasting
 10023 | D:9      | You are sucked into a shaft and drop 1 floor!
 10023 | D:10     | Entered Level 10 of the Dungeon
 10052 | D:10     | Reached skill level 10 in Spellcasting
 10073 | D:10     | Reached **** piety under Qazlal
 10131 | D:10     | Found a staircase to the Lair.
 10282 | D:10     | Noticed Erolcha
 10293 | D:10     | Killed Erolcha
 10294 | D:10     | Reached skill level 11 in Spellcasting
 10369 | D:10     | Noticed a two-headed ogre
 10379 | D:10     | Killed a two-headed ogre
 10615 | D:10     | Found an opulent altar of Gozag.
 10833 | D:10     | Reached XP level 12. HP: 64/88 MP: 0/0
 10841 | D:10     | Reached skill level 12 in Spellcasting
 11408 | D:9      | Gained mutation: You are dopey. (Int -2) [potion of
                  | mutation]
 11408 | D:9      | Gained mutation: You do not regenerate when monsters are
                  | visible. [potion of mutation]
 11408 | D:9      | Gained mutation: Your muscles are strong. (Str +2) [potion
                  | of mutation]
 11409 | D:9      | Lost mutation: You are dopey. (Int -2) [potion of mutation]
 11409 | D:9      | Lost mutation: Your muscles are strong. (Str +2) [potion of
                  | mutation]
 11409 | D:9      | Gained mutation: Your muscles are strong. (Str +2) [potion
                  | of mutation]
 11409 | D:9      | Gained mutation: Your spells are a little harder to cast,
                  | but a little more powerful. [potion of mutation]
 11410 | D:9      | Lost mutation: Your muscles are strong. (Str +2) [potion of
                  | mutation]
 11410 | D:9      | Lost mutation: Your spells are a little harder to cast, but
                  | a little more powerful. [potion of mutation]
 11410 | D:9      | Gained mutation: Your spells are a little harder to cast,
                  | but a little more powerful. [potion of mutation]
 11538 | D:9      | Found a staircase to the Orcish Mines.
 11730 | D:2      | Noticed Natasha
 11734 | D:2      | Killed Natasha
 11915 | Lair:1   | Entered Level 1 of the Lair of Beasts
 12029 | Lair:1   | Reached skill level 13 in Spellcasting
 12203 | Lair:1   | Noticed Joseph
 12212 | Lair:1   | Killed Joseph
 12321 | Lair:1   | Mangled by a cane toad

Illustrated notes

Levels and vault maps discovered:
D:1:      co_arrival_random_square_maze, layout_basic, serial_shops, shop,
          shapermc_ecumenical_altar_mp_vishouse
D:2:      cheibrodos_greedy_goblins, layout_loops_ring, minmay_diced_spiral,
          uniq_natasha, uniq_crazy_yiuf_cottage
D:3:      cheibrodos_thug_alley, layout_basic, bloody_makhleb, st_stairs_11,
          kennysheep_decorative_pillar
D:4:      layout_cave_pools, grunt_temple_overflow_order_and_chaos_1,
          grunt_dithmenos_smoke, minitemple, minmay_temple_entry_slanted
D:5:      layout_basic
D:6:      layout_loops_cross, slow_altar_2, nicolae_ossuary_entry_monument,
          ebering_ghost_sewer_d, grunt_ministairs_10, uniq_duvessa, uniq_maggie,
          uniq_grinder
D:7:      statuecave_lemuel, layout_cave_pods, water_maze_lemuel, uniq_menkaure,
          uniq_pikel
D:8:      layout_loops_cross, chequers_serial_rivers_room_a,
          hangedman_incinerator
D:9:      layout_cave_pools, hiddenorc1_lemuel, special_room [special_room_orc]
D:10:     layout_irregular_city, nicolae_gozag_cash_rules_everything_around_me,
          minmay_lair_entry_grove, chequers_avenue, uniq_erolcha
Temple:   dpeg_three_leaves_temple
Lair:1:   layout_cave_pods, st_stairs_3, minivault_24, uniq_joseph

Skill      XL: |  1  2  3  4  5  6  7  8  9 10 11 12 |
---------------+-------------------------------------+-----
Fighting       | 1 2 3 4 5 6 7 8 |  8.6
Spellcasting   | 3 4 6 8 11 13 | 13.3
Dodging        | 4 8 10 | 10.0
Stealth        | |  1.5

Action                   |  1- 3 |  4- 6 |  7- 9 | 10-12 || total
-------------------------+-------+-------+-------+-------++-------
Melee: Unarmed           |    13 |       |    42 |    41 ||    96
       Short sword       |    24 |       |       |       ||    24
       Falchion          |    27 |   113 |   141 |   232 ||   513
 Cast: Sandblast         |    17 |    11 |     3 |     3 ||    34
       Passwall          |     6 |       |       |       ||     6
       Summon Small Mamm |     3 |     5 |     4 |       ||    12
       Stone Arrow       |     2 |    19 |    35 |    70 ||   126
       Poisonous Vapours |       |     6 |    65 |   138 ||   209
       Dazzling Flash    |       |       |     4 |    11 ||    15
       Spider Form       |       |       |     3 |     4 ||     7
       Alistair's Intoxi |       |       |       |    19 ||    19
       Lee's Rapid Decon |       |       |       |    17 ||    17
  Use: Potion            |       |     1 |     2 |    10 ||    13
       Scroll            |       |       |    13 |     6 ||    19
 Stab: Sleeping          |     5 |     1 |     2 |       ||     8
       Confused          |       |       |       |     1 ||     1
       Invisible         |       |       |       |     3 ||     3
Armor: Robe              |    18 |    40 |    38 |       ||    96
       Steam dragon scal |       |       |     6 |    90 ||    96
Dodge: Dodged            |    45 |    79 |   186 |   370 ||   680
Block: Other             |       |       |     7 |    33 ||    40
       Buckler           |       |       |       |   150 ||   150
       Rpst.: Falchion   |     2 |    19 |    41 |    83 ||   145

Table legend: (Time is in decaauts)
 A = Elapsed time spent in this place.
 B = Non-inter-level travel time spent in this place.
 C = Inter-level travel time spent in this place.
 D = Time resting spent in this place.
 E = Time spent auto-exploring this place.
 F = Levels seen in this place.
 G = Mean time per level.
                   A        B        C        D        E       F      G
               +--------+--------+--------+--------+--------+-----+--------+
         Total |  12500 |  11917 |    583 |   2829 |   6352 |  12 | 1041.7 |
       Dungeon |  11853 |  11290 |    563 |   2518 |   6226 |  10 | 1185.3 |
        Temple |    231 |    211 |     20 |    134 |      0 |   1 |  231.0 |
          Lair |    415 |    415 |      0 |    177 |    126 |   1 |  415.0 |
               +--------+--------+--------+--------+--------+-----+--------+

Top non-repeatable levels by time:
     D:1: 2124 daAuts
     D:7: 1464 daAuts
     D:2: 1423 daAuts
     D:8: 1210 daAuts
    D:10: 1180 daAuts
     D:3: 1113 daAuts
     D:6: 1017 daAuts
     D:9: 899 daAuts
     D:4: 734 daAuts
     D:5: 685 daAuts
  Lair:1: 415 daAuts
  Temple: 231 daAuts
